 Dungeon Crawl Stone Soup version 0.25-a0-663-gace7076f2c (webtiles) character file.

Game seed: 8021675008530357385, levelgen mode: deterministic

5588 kae the Grappler (level 10, -4/71 HPs)
             Began as a Red Draconian Transmuter on Mar 25, 2020.
             Was a Priest of Wu Jian.
             Slain by a troll (11 damage)
             ... on level 10 of the Dungeon.
             The game lasted 00:11:45 (9522 turns).

kae the Grappler (Red Draconian Transmuter)         Turns: 9522, Time: 00:11:46

Health: -4/71      AC:  2    Str: 12    XL:     10   Next: 45%
Magic:  29/30      EV: 19    Int: 18    God:    Wu Jian [***...]
Gold:   484        SH:  0    Dex: 16    Spells: 17/23 levels left

rFire    + . .     SeeInvis .     - Unarmed
rCold    . . .     Gourm    .   (shield currently unavailable)
rNeg     . . .     Faith    .   (armour unavailable)
rPois    x         Spirit   .   (helmet currently unavailable)
rElec    .         Reflect  .   (cloak currently unavailable)
rCorr    .         Harm     .   (gloves currently unavailable)
MR       .....                  (boots currently unavailable)
Stlth    +.........             h - amulet of regeneration
HPRegen  0.61/turn              i - ring of protection from fire
MPRegen  0.22/turn              o - ring of magical power

@: spider-form
A: tiny, (breathe fire), unfitting armour, AC +7
a: End Transformation, Wall Jump, Serpent's Lash, Renounce Religion


You were on level 10 of the Dungeon.
You worshipped Wu Jian.
Wu Jian was most pleased with you.
You were hungry.
You were a venomous arachnid creature.
You visited 2 branches of the dungeon, and saw 11 of its levels.
You also visited: Ossuary.

You collected 484 gold pieces.

Inventory:

Missiles
 a - 165 arrows
Armour
 E - a scarf of spirit shield (melded)
 G - a +0 cloak
Jewellery
 g - an uncursed ring of protection from fire
 h - an amulet of regeneration (around neck)
 i - a ring of protection from fire (left front leg)
 o - a ring of magical power (right front leg)
 y - a +6 ring of protection {unknown}
 B - an uncursed amulet of harm
 D - an uncursed ring of protection from fire
Wands
 m - a wand of random effects (19)
 n - a wand of acid (9)
 q - a wand of polymorph (12)
 w - a wand of iceblast (21)
 x - a wand of flame (15)
 F - a wand of scattershot (4)
 H - a wand of disintegration (11)
Scrolls
 b - 9 scrolls of teleportation
 e - 8 scrolls of remove curse
 j - 4 scrolls of fear
 p - 2 scrolls of random uselessness
 v - 4 scrolls of immolation
 J - 2 scrolls of vulnerability
Potions
 d - 7 potions of curing
 f - 3 potions of brilliance
 k - a potion of invisibility
 l - 3 potions of lignification
 r - a potion of might
 s - 3 potions of heal wounds {unknown}
 t - 2 potions of ambrosia {unknown}
 u - a potion of berserk rage {unknown}
 z - a potion of resistance
 A - a potion of cancellation
 C - 2 potions of flight
 K - a potion of magic {unknown}
Comestibles
 c - 14 rations
 I - 4 chunks of flesh


   Skills:
 - Level 1.1 Fighting
 - Level 1.7 Dodging
 * Level 11.4 Unarmed Combat
 + Level 7.4 Spellcasting
 + Level 8.1 Transmutations


You had 17 spell levels left.
You knew the following spells:

 Your Spells              Type           Power        Failure   Level  Hunger
a - Beastly Appendage     Tmut           #####.       3%          1    None
b - Sticks to Snakes      Tmut           #####...     3%          2    None
c - Spider Form           Tmut/Pois      ###.......   17%         3    #......

Your spell library contained the following spells:

 Spells                   Type           Power        Failure   Level  Hunger
 Blade Hands              Tmut           #####.....   24%         5    #####..
 Animate Skeleton         Necr           N/A          26%         1    None
 Pain                     Necr           #...         26%         1    None
 Ice Form                 Ice/Tmut       ###.....     38%         4    ###....
 Vampiric Draining        Necr           #.........   52%         3    #......
 Animate Dead             Necr           N/A          87%         4    ###....
 Agony                    Necr           #.......     99%         5    #####..


Dungeon Overview and Level Annotations

Branches:
Dungeon (10/15)            Temple (1/1) D:5             Orc (0/2) D:9
Ossuary (visited)
   Lair: D:8-11

Altars:
Ashenzari
Cheibriados
Dithmenos
Elyvilon
Fedhas
Gozag
Hepliaklqana
Kikubaaqudgha
Makhleb
Nemelex Xobeh
Okawaru
Qazlal
Ru
Sif Muna
Trog
Uskayaw
Vehumet
Wu Jian
Xom
Yredelemnul
Zin
The Shining One
Jiyva

Shops:
D:4 :

Annotations:
D:2 Natasha
D:4 exclusion: ogre
D:5 1 exclusion
D:8 exclusion: acid dragon


Innate Abilities, Weirdness & Mutations

((You can breathe blasts of fire.))
((Your fiery red scales are hard. (AC +7)))
You cannot fit into any form of body armour.
((Your flesh is heat resistant. (rF+)))
((You are cold-blooded and may be slowed by cold attacks.))


Message History

The troll completely misses you.
You closely miss the troll. You hit the troll but do no damage.
The troll bites you. The troll completely misses you. The troll misses you.
You hit the troll.
The troll is poisoned.
The troll is lightly wounded.
The troll bites you. The troll misses you. The troll claws you.
You hit the troll.
The troll looks as sick as possible!
The troll is moderately wounded.
The troll bites you.
* * * LOW HITPOINT WARNING * * *
The troll claws you!
* * * LOW HITPOINT WARNING * * *
The troll claws you.
* * * LOW HITPOINT WARNING * * *
You have got your breath back.
You feel better. The troll bites you.
* * * LOW HITPOINT WARNING * * *
The troll misses you. The troll claws you!
You die...

##############
.............
........#..# .#.
.#......#..#....
.......<........
####+##...####.
#.#s# #.#T#
#.#)# #..)#
......# ##..##.#
#.. #.# ... ..#
### ###


You could see a troll.

Vanquished Creatures
  Maurice (D:8)
  Psyche (D:8)
  A troll (D:9)
  Prince Ribbit (D:5)
  A spriggan (D:9)
  Menkaure (D:5)
  4 orc warriors
  A black bear (D:9)
  2 phantoms
  3 ice beasts
  2 sky beasts (D:7)
  2 necrophages (D:7)
  5 ogres
  4 centaurs
  A big kobold (D:8)
  5 bullfrogs
  A water moccasin skeleton (D:5)
  4 scorpions
  3 howler monkeys
  A crimson imp (D:7)
  2 jellies (D:7)
  A quasit (D:9)
  A bullfrog zombie (D:7)
  A centaur zombie (Ossuary)
  4 hounds
  A centaur skeleton (D:4)
  3 human zombies (D:7)
  An orc priest (D:8)
  2 bullfrog skeletons
  8 orc wizards
  2 iguanas
  3 human skeletons (D:7)
  Ijyb (D:5)
  6 worker ants
  A big kobold zombie (Ossuary)
  A hound skeleton (D:5)
  9 mummies
  A howler monkey zombie (D:8)
  7 adders
  3 gnolls
  A worker ant zombie (D:5)
  2 shadow imps
  An ooze (D:2)
  An adder zombie (D:7)
  An adder skeleton (D:5)
  A dart slug (D:1)
  3 leopard geckos
  26 orcs
  7 giant cockroaches
  9 hobgoblins
  A jackal (D:7)
  14 kobolds
  4 quokkas
  11 bats
  9 frilled lizards
  12 goblins
  2 goblin zombies (Ossuary)
  2 hobgoblin zombies (Ossuary)
  A jackal skeleton (D:7)
  A kobold zombie (Ossuary)
  2 leopard gecko skeletons
  A leopard gecko zombie (D:8)
  An orc zombie (Ossuary)
  A quokka skeleton (D:6)
  A quokka zombie (D:6)
  12 rats
229 creatures vanquished.

Vanquished Creatures (collateral kills)
  An ice beast (D:5)
  2 adders
  A leopard gecko (D:1)
  A hobgoblin (D:1)
  A rat (D:1)
6 creatures vanquished.

Vanquished Creatures (others)
  2 plants (D:10)
2 creatures vanquished.

Grand Total: 237 creatures vanquished

Notes
Turn   | Place    | Note
-------+----------+-------------------------------------------
     0 | D:1      | kae the Draconian Transmuter began the quest for the Orb.
     0 | D:1      | Reached XP level 1. HP: 16/16 MP: 3/3
    75 | D:1      | Reached XP level 2. HP: 16/23 MP: 3/5
   629 | D:1      | Learned a level 2 spell: Sticks to Snakes
   660 | D:1      | Reached XP level 3. HP: 22/28 MP: 6/6
  1013 | D:2      | Found a bloodstained altar of Trog.
  1078 | D:2      | Noticed Natasha
  1292 | D:2      | Noticed an ice beast
  1316 | D:2      | Learned a level 3 spell: Spider Form
  1328 | D:2      | Killed an ice beast
  1328 | D:2      | Reached skill level 4 in Unarmed Combat
  1328 | D:2      | Reached XP level 4. HP: 26/35 MP: 4/8
  1529 | D:2      | Reached XP level 5. HP: 39/40 MP: 9/9
  2380 | D:3      | Found a blossoming altar of Fedhas.
  2622 | D:3      | Reached skill level 5 in Unarmed Combat
  3102 | D:3      | Reached XP level 6. HP: 34/47 MP: 6/11
  3377 | D:3      | Found an iron altar of Okawaru.
  3591 | D:4      | Found Qaahadghih's Book Emporium.
  3602 | D:4      | Found a shimmering altar of Xom.
  3734 | D:4      | Reached skill level 6 in Unarmed Combat
  3785 | D:4      | Your scales start taking on a fiery red colour.
  3785 | D:4      | Reached XP level 7. HP: 49/52 MP: 8/13
  3785 | D:4      | Gained mutation: Your flesh is heat resistant. (rF+) [Red
                  | Draconian growth]
  4028 | D:5      | Entered Level 5 of the Dungeon
  4036 | D:5      | Noticed Prince Ribbit
  4073 | D:5      | Noticed Ijyb
  4081 | D:5      | Killed Ijyb
  4106 | D:5      | Found a snail-covered altar of Cheibriados.
  4111 | D:5      | Noticed Menkaure
  4119 | D:5      | Killed Menkaure
  4119 | D:5      | Reached skill level 7 in Unarmed Combat
  4151 | D:5      | Found a staircase to the Ecumenical Temple.
  4268 | D:5      | Found a sand-covered staircase.
  4279 | Ossuary  | Entered an ossuary
  4356 | Ossuary  | Reached XP level 8. HP: 59/59 MP: 10/14
  4379 | Ossuary  | Reached skill level 5 in Transmutations
  4716 | D:5      | Found a hazy altar of Hepliaklqana.
  4749 | Temple   | Entered the Ecumenical Temple
  4868 | Temple   | Became a worshipper of the Wu Jian Council
  5020 | D:5      | Killed Prince Ribbit
  5020 | D:5      | Reached skill level 5 in Spellcasting
  5062 | D:5      | Found a hide-covered altar of Uskayaw.
  5518 | D:6      | Found a bloodstained altar of Trog.
  5528 | D:6      | Reached skill level 8 in Unarmed Combat
  6091 | D:7      | Reached XP level 9. HP: 62/64 MP: 17/17
  6160 | D:7      | Reached skill level 9 in Unarmed Combat
  6247 | D:7      | Reached * piety under Wu Jian
  6461 | D:7      | Found a burning altar of Makhleb.
  6618 | D:7      | Found a sparkling altar of Nemelex Xobeh.
  6897 | D:7      | Found an opulent altar of Gozag.
  7097 | D:7      | Found an ancient bone altar of Kikubaaqudgha.
  7156 | D:7      | Reached skill level 10 in Unarmed Combat
  7613 | D:8      | Reached ** piety under Wu Jian
  7689 | D:8      | Found a basalt altar of Yredelemnul.
  7696 | D:8      | Found a shattered altar of Ashenzari.
  7774 | D:8      | Noticed Maurice
  7779 | D:8      | Killed Maurice
  7838 | D:8      | Reached XP level 10. HP: 43/69 MP: 20/20
  7927 | D:8      | Found a shadowy altar of Dithmenos.
  8167 | D:8      | Noticed Psyche
  8176 | D:8      | Killed Psyche
  8469 | D:9      | Reached skill level 11 in Unarmed Combat
  8787 | D:9      | Found a shimmering blue altar of Sif Muna.
  8983 | D:9      | Found a staircase to the Orcish Mines.
  9270 | D:9      | Found a glowing golden altar of the Shining One.
  9395 | D:10     | Entered Level 10 of the Dungeon
  9455 | D:10     | Noticed a two-headed ogre
  9503 | D:10     | Reached *** piety under Wu Jian
  9522 | D:10     | Slain by a troll

Levels and vault maps discovered:
D:1:      dpeg_arrival_tiny_c, layout_rooms
D:2:      layout_basic, grunt_ministairs_6, bloody_trog, uniq_natasha
D:3:      layout_rooms, fedhas_altar_3, okawaru_metal_pillars_3, first_ration,
          hangedman_decor_push, minmay_circle_x
D:4:      layout_rooms, brannock_xom_greatest_gift, serial_shops, shop
D:5:      layout_rooms, kennysheep_mini_moat, lemuel_doored_altar,
          temple_doors_e, basic_altar, chequers_ossuary_entry_cave, uniq_ijyb,
          uniq_menkaure, uniq_prince_ribbit1
D:6:      layout_basic, trog_three_pillars_becter
D:7:      minmay_the_grid_square_5x5_3x3 [minmay_the_grid_square_5x5_v,
          minmay_the_grid_square_5x5_three, minmay_the_grid_square_5x5_n_small,
          minmay_the_grid_square_5x5_dogpile,
          minmay_the_grid_square_5x5_megaprize_hollow,
          minmay_the_grid_square_5x5_inner_z,
          minmay_the_grid_square_5x5_spiral_small,
          minmay_the_grid_square_5x5_inner_i,
          minmay_the_grid_square_5x5_shrine1], layout_loops_corners,
          nemelex_xobeh_ov_fountains_minmay,
          lemuel_mausoleum_altar_kikubaaqudgha, kennysheep_little_box,
          basic_altar
D:8:      layout_cave_pools, nicolae_dithmenos_the_darkroom, minitemple,
          uniq_maurice, uniq_psyche
D:9:      corexii_shack_village, layout_loops_ring,
          lemuel_coloured_pillars_altar, nicolae_overflow_crystal_walls,
          orc_0_dummy, the_bakery
D:10:     layout_stronghold, due_lair_maze_entry_diamond, serial_shops,
          nicolae_shop_crystal
Temple:   pf_slimified_temple

Skill      XL: |  1  2  3  4  5  6  7  8  9 10 |
---------------+-------------------------------+-----
Unarmed Combat | 4 5 6 7 8 10 11 | 11.4
Transmutations | 3 4 6 7 8 |  8.1
Spellcasting   | 3 4 5 6 7 |  7.4
Fighting       | |  1.1
Dodging        | |  1.7

Action                   |  1- 3 |  4- 6 |  7- 9 | 10-12 || total
-------------------------+-------+-------+-------+-------++-------
Melee: Unarmed           |   112 |   228 |   413 |   137 ||   890
       Headbutt          |     9 |     6 |     6 |     4 ||    25
       Tailslap          |     8 |    19 |    38 |    11 ||    76
       Kick              |     3 |    15 |    18 |     7 ||    43
       Punch             |     1 |     1 |    14 |     5 ||    21
 Cast: Beastly Appendage |    22 |    21 |    26 |     9 ||    78
       Sticks to Snakes  |     3 |     6 |     1 |       ||    10
       Spider Form       |     1 |     9 |    10 |     2 ||    22
Invok: Lunge             |       |       |    10 |     9 ||    19
       Whirlwind         |       |       |     3 |       ||     3
 Abil: Breathe Fire      |       |       |    19 |     6 ||    25
       End Transformatio |       |       |     1 |       ||     1
  Use: Potion            |     4 |     1 |       |     1 ||     6
       Scroll            |       |     6 |     6 |     4 ||    16
 Stab: Distracted        |       |       |     1 |       ||     1
       Sleeping          |       |       |       |     1 ||     1
  Eat: Chunk             |     2 |    10 |    14 |     6 ||    32
       Ration            |       |       |     1 |       ||     1
Armor: Skin              |    54 |    54 |    75 |    51 ||   234
Dodge: Dodged            |    89 |   182 |   166 |    70 ||   507

Table legend:
 A = Non-vault XP
 B = Vault XP
 C = Vault XP percentage of total XP
 D = Non-vault monster count
 E = Vault monster count
 F = Vault count percentage of total count
                 A         B        C        D         E       F
            +---------+---------+-------+---------+---------+-------
      Total |    4657 |    3326 |  41.7 |     180 |      55 |  23.4
            +---------+---------+-------+---------+---------+-------
        D:1 |      53 |       0 |   0.0 |      34 |       0 |   0.0
        D:2 |     217 |      10 |   4.4 |      23 |       2 |   8.0
        D:3 |     187 |      17 |   8.3 |      22 |       3 |  12.0
        D:4 |     483 |       0 |   0.0 |      14 |       0 |   0.0
        D:5 |     324 |     456 |  58.5 |       9 |       3 |  25.0
        D:6 |     425 |       0 |   0.0 |      10 |       0 |   0.0
        D:7 |     990 |    1353 |  57.7 |      23 |      25 |  52.1
        D:8 |    1013 |     875 |  46.3 |      30 |       2 |   6.2
        D:9 |     775 |     358 |  31.6 |      11 |       6 |  35.3
       D:10 |     190 |      93 |  32.9 |       4 |       1 |  20.0
    Ossuary |       0 |     164 | 100.0 |       0 |      13 | 100.0
            +---------+---------+-------+---------+---------+-------
